 Dungeon Crawl Stone Soup version 0.14-a0-2052-gb76ddfe (webtiles) character file.

203 M4edhros the Ruinous (level 4, -15/24 HPs)
             Began as an Octopode Conjurer on Jan 20, 2014.
             Killed by divine providence
             ... invoked by an orc priest
              (16 damage)
             ... on Level 3 of the Dungeon.
             The game lasted 00:03:27 (2417 turns).

M4edhros the Ruinous (Octopode Conjurer)            Turns: 2417, Time: 00:03:27

HP -15/24        AC  4     Str  4 (7)  XL: 4   Next: 14%
MP   9/9         EV 17     Int 16      God:
Gold 138         SH 10     Dex 17      Spells:  1 memorised,  8 levels left

rFire  + . .     SeeInvis .     m - +2,+0 spear (freeze) (curse)
rCold  + . .     Clarity  .     i - +2 buckler {AC+3}
rNeg   . . .     Conserve .     (helmet restricted)
rPois  +         rCorr    .     (no amulet)
rElec  +         rRot     .     g - ring of sustenance
SustAb . .       Spirit   .     v - cursed ring of hunger
rMut   .         Warding  .     (no ring)
Saprov . . .     Stasis   .     (no ring)
MR     .....                    (no ring)
                                (no ring)
                                (no ring)
                                (no ring)

@: agile, not resistant to hostile enchantments, very stealthy
A: almost no armour, amphibious, 8 rings, constrict 8, camouflage 1, blurry
vision 1, dopey 1, frail 1, spit poison 1, gelatinous body 1
a: Spit Poison


You were on level 3 of the Dungeon.
You were starving.

You visited 1 branch of the dungeon, and saw 3 of its levels.

You collected 138 gold pieces.

Inventory:

Hand weapons
 m - a cursed +2,+0 spear of freezing (weapon)
 s - a -2,-2 spear
Armour
 i - a +2 buckler of protection (worn)
Comestibles
 a - a honeycomb
 b - 2 bread rations
 f - 2 meat rations
Scrolls
 j - 3 scrolls of remove curse
Jewellery
 g - a ring of sustenance (left tentacle)
 r - an uncursed amulet of faith {unknown}
 v - a cursed ring of hunger (right tentacle)
Books
 c - a book of Conjurations

   Spells                             Type                      Level
   *Magic Dart                        Conjuration                  1
   Searing Ray                        Conjuration                  2
   Dazzling Spray                     Conjuration/Hexes            3
   Iskenderun's Mystic Blast          Conjuration                  4
   Iskenderun's Battlesphere          Conjuration/Charms           4
   Fulminant Prism                    Conjuration/Hexes            5
 o - a book of Ice

   Spells                             Type                      Level
   Freezing Aura                      Charms/Ice                   2
   Ensorcelled Hibernation            Hexes/Ice                    2
   Ozocubu's Refrigeration            Ice                          6
   Bolt of Cold                       Conjuration/Ice              6
   Freezing Cloud                     Conjuration/Ice/Air          6
   Metabolic Englaciation             Hexes/Ice                    6
   Simulacrum                         Ice/Necromancy               6


   Skills:
 - Level 2.0 Dodging
 - Level 2.6 Stealth
 * Level 3.2 Spellcasting
 + Level 4.7 Conjurations


You had 8 spell levels left.
You knew the following spells:

 Your Spells              Type           Power        Failure   Level  Hunger
a - Magic Dart            Conj           ###.         3%          1    None


Dungeon Overview and Level Annotations

Branches:
Dungeon (3/16)

Altars:


Innate Abilities, Weirdness & Mutations

You cannot wear most types of armour.
You are amphibious.
You can wear up to eight rings at the same time.
You can use your tentacles to constrict many enemies at once.
Your skin changes colour to match your surroundings (Stlth).
Your rubbery body absorbs attacks (AC +1).
Your vision is a little blurry.
You are dopey. (Int -2)
You are frail (-10% HP).
You can spit poison.


Message History

The goblin barely misses you.
Unknown command.
You are starving!
You hit the orc priest but do no damage.
The orc priest is severely wounded.
You constrict the orc priest. The orc priest barely misses you.
The goblin misses you.
Unknown command.
You barely miss the orc priest.
The orc priest is almost dead.
The orc priest glows brightly for a moment.
The goblin misses you.
Unknown command.
You hit the orc priest but do no damage.
The orc priest is almost dead.
You constrict the orc priest.
The orc priest invokes the aid of Beogh against you.
Something smites you!
Ouch! That really hurt!
You die...

.....o......#
.............#
.............#
.............#
............#######
..........(........
####.#####o.#######
#. #og# . #@.# .
#..# #..# #..# ....
#..#. #$.#. .... .
#.<


You could see an orc priest, an orc and a goblin.

Vanquished Creatures
  An adder (D:2)
  A gnoll (D:2)
  2 giant geckos
  An ooze (D:1)
  A ball python (D:1)
  5 bats
  5 hobgoblins
  4 jackals (D:1)
  6 kobolds (D:1)
  3 giant cockroaches (D:1)
  5 giant newts
  5 goblins
  3 rats (D:1)
42 creatures vanquished.

Vanquished Creatures (others)
  2 gnolls (D:2)
2 creatures vanquished.

Grand Total: 44 creatures vanquished

Notes
Turn   | Place    | Note
--------------------------------------------------------------
     0 | D:1      | M4edhros, the Octopode Conjurer, began the quest for the Orb.
     0 | D:1      | Reached XP level 1. HP: 11/11 MP: 3/3
   323 | D:1      | Reached XP level 2. HP: 15/17 MP: 0/4
   831 | D:1      | Reached XP level 3. HP: 21/21 MP: 0/6
  1681 | D:2      | Reached XP level 4. HP: 14/27 MP: 1/9
  2400 | D:2      | Gained mutation: You can spit poison. [potion of beneficial mutation]
  2401 | D:2      | Gained mutation: Your vision is a little blurry. [potion of mutation]
  2401 | D:2      | Gained mutation: You are frail (-10% HP). [potion of mutation]
  2401 | D:2      | Gained mutation: You are dopey. (Int -2) [potion of mutation]
  2404 | D:2      | You fall through a shaft!
  2413 | D:3      | HP: 1/24 [orc priest/runed orcish war axe (7)]
  2417 | D:3      | Killed from afar by an orc priest

Action                   |  1- 3 |  4- 6 || total
-------------------------+-------+-------++-------
Melee: Unarmed           |    39 |       ||    39
       Spear             |    11 |    14 ||    25
 Cast: Magic Dart        |    60 |     1 ||    61
  Use: Scroll            |     3 |     3 ||     6
       Potion            |       |     8 ||     8
